 Dungeon Crawl Stone Soup version 0.32-a0-986-ga09f62fbf4 (webtiles) character file.

Game seed: 9296656785455409669

642135 Grimmash the Warrior (level 26, -10/185 HPs)
             Began as a Demonspawn Conjurer on Apr 8, 2024.
             Was a High Priest of Cheibriados.
             Killed from afar by a red draconian scorcher (17 damage)
             ... with a searing blast
             ... led by a purple draconian shifter
             ... on level 3 of the Realm of Zot on Apr 21, 2024.
             The game lasted 03:07:24 (92912 turns).

Grimmash the Warrior (Demonspawn Conjurer)         Turns: 92912, Time: 03:07:25

Health: -10/185    AC: 37    Str: 17 (18) XL:     26   Next: 52%
Magic:  0/42       EV:  9    Int: 48      God:    Cheibriados [*****.]
Gold:   5985       SH: 16    Dex: 33      Spells: 37/56 levels left

rFire   . . .        a - +6 long sword "X" {spect, Fly Int+3}
rCold   + + .        i - +0 kite shield {reflect}
rNeg    + + .        O - +11 gold dragon scales of Atofai {rPois rF+ rC+ rN+ Will+}
rPois   +            k - +2 helmet {SInv}
rElec   +            (cloak unavailable)
rCorr   .            G - +3 pair of gauntlets of War {Slay+5}
SInv    +            y - +2 pair of boots {rF+}
Will    +++..        c - amulet of magic regeneration Stlth
                     E - ring "Latyt" {rElec rC+ Will+}
HPRegen 0.50/turn    j - ring of Orivel {rN+ Dex+7 Slay+4}
MPRegen 0.96/turn

%: reflection, guardian spirit, wizardry (x1)
@: flying, very slightly contaminated, studying Fighting, very slow
A: powered by pain 3, magic shield, magic regeneration, big brain 3, corrupting
presence 2, word of chaos, weakness stinger 3, deformed body, deterioration 1,
dopey 1, frail 1, teleportitis 1, weak 2, no potion heal 1, heat vulnerability
2, inability to drink after injury 1, inability to read after injury 2,
MP-powered wands, devolution 1, persistent drain
}: 5/15 runes: decaying, serpentine, slimy, silver, abyssal
a: Word of Chaos, Renounce Religion, Bend Time, Temporal Distortion, Slouch,
Step From Time


You were on level 3 of the Realm of Zot.
You worshipped Cheibriados.
Cheibriados was extremely pleased with you.
You visited 12 branches of the dungeon, and saw 54 of its levels.
You visited the Abyss 6 times.
You also visited: Sewer, Bailey and Ice Cave.

You collected 8949 gold pieces.
You spent 2964 gold pieces at shops.

Inventory:

Hand Weapons
 a - the +6 long sword "X" (weapon) {spect, Fly Int+3}
   (You found it on level 8 of the Dungeon)

   Int+3:     It affects your intelligence (+3).
   Fly:       It grants you flight.
 b - a +5 demon blade of flaming
 B - a +0 spectral demon blade
Missiles
 e - 5 javelins (quivered)
 p - 9 silver javelins
 F - 6 curare-tipped darts
Armour
 i - a +0 kite shield of reflection (worn)
 k - a +2 helmet of see invisible (worn)
 y - a +2 pair of boots of fire resistance (worn)
 G - the +3 pair of gauntlets of War (worn) {Slay+5}
   (You found it in a bailey)

   Slay+5:    It affects your accuracy & damage with ranged weapons and melee
   (+5).
 O - the +11 gold dragon scales of Atofai (worn) {rPois rF+ rC+ rN+ Will+}
   (You bought it in a shop on level 12 of the Dungeon)

   rF+:       It protects you from fire.
   rC+:       It protects you from cold.
   rPois:     It protects you from poison.
   rN+:       It protects you from negative energy.
   Will+:     It increases your willpower.
Jewellery
 c - an amulet of magic regeneration (around neck)
 j - the ring of Orivel (right hand) {rN+ Dex+7 Slay+4}
   (You acquired it on level 5 of the Pits of Slime)

   [ring of slaying]

   Dex+7:     It affects your dexterity (+7).
   Slay+4:    It affects your accuracy & damage with ranged weapons and melee
   (+4).
   rN+:       It protects you from negative energy.
 n - the ring "Nocworch" {Fly rC++}
   (You took it off a vault guard on level 5 of the Vaults)

   [ring of flight]

   rC++:      It greatly protects you from cold.
   Fly:       It grants you flight.
 A - the ring of Eternal Night {rElec rN+ Int+2 SInv Stlth-}
   (You found it on level 1 of the Realm of Zot)

   [ring of see invisible]

   Int+2:     It affects your intelligence (+2).
   rElec:     It insulates you from electricity.
   rN+:       It protects you from negative energy.
   SInv:      It lets you see invisible.
   Stlth-:    It makes you less stealthy.
 D - a ring of resist corrosion
 E - the ring "Latyt" (left hand) {rElec rC+ Will+}
   (You took it off a deep elf death mage on level 3 of the Elven Halls)

   [ring of protection from cold]

   rC+:       It protects you from cold.
   rElec:     It insulates you from electricity.
   Will+:     It increases your willpower.
 L - the ring "Wowilumiar" {Will+ Int+3 Dex+6}
   (You found it on level 2 of the Lair of Beasts)

   [ring of dexterity]

   Int+3:     It affects your intelligence (+3).
   Dex+6:     It affects your dexterity (+6).
   Will+:     It increases your willpower.
 T - the ring of Omite {Fly rF++ Will- rCorr Int+6}
   (You found it on level 5 of the Pits of Slime)

   [ring of intelligence]

   Int+6:     It affects your intelligence (+6).
   rF++:      It greatly protects you from fire.
   Will-:     It decreases your willpower.
   Fly:       It grants you flight.
   rCorr:     It protects you from acid and corrosion.
Wands
 l - a wand of flame (71)
 s - a wand of roots (25)
 x - a wand of mindburst (34)
 Q - a wand of charming (75)
 Y - a wand of quicksilver (42)
 Z - a wand of digging (13)
Scrolls
 d - 23 scrolls of identify
 g - a scroll of summoning
 h - 19 scrolls of teleportation
 r - 9 scrolls of enchant armour
 w - 6 scrolls of revelation
 J - 6 scrolls of enchant weapon
 N - 3 scrolls of poison
 U - a scroll of immolation
 W - 9 scrolls of fear
Potions
 m - 2 potions of resistance
 o - 10 potions of mutation
 q - 10 potions of curing
 u - 8 potions of enlightenment
 C - 3 potions of magic
 H - 5 potions of might
 K - a potion of heal wounds
 M - 9 potions of brilliance
 P - 4 potions of cancellation
 S - 7 potions of invisibility
 V - a potion of ambrosia
 X - a potion of berserk rage
Miscellaneous
 f - a box of beasts (inert)
 t - a tin of tremorstones (1/2)
 z - a phial of floods (inert)
 I - a phantom mirror (inert)
 R - a lightning rod (4/4)


   Skills:
 * Level 16.4 Fighting
 + Level 3.3(10.7) Short Blades
 * Level 15.5(15.7) Long Blades
 + Level 1.6 Throwing
 * Level 14.9 Armour
 * Level 13.6 Dodging
 - Level 6.0 Stealth
 + Level 12.9 Shields
 * Level 15.7 Spellcasting
 * Level 16.3 Conjurations
 - Level 12.6 Translocations
 * Level 13.1 Fire Magic
 * Level 12.8 Air Magic
 - Level 13.0 Invocations
 * Level 13.8 Evocations
 * Level 7.6 Shapeshifting


You had 37 spell levels left.
You knew the following spells:

 Your Spells              Type           Power      Damage    Failure   Level
a - Plasma Beam           Fire/Air       52%        2x1d67    28%         6
b - Searing Ray           Conj           100%       2d8       1%          2
c - Magic Dart            Conj           100%       1d8       1%          1
s - Foxfire               Conj/Fire      100%       2x1d9     1%          1
x - Arcjolt               Conj/Air       54%        1d64      2%          5
z - Iskenderun's Mystic   Conj/Tloc      100%       2d19      (+2d11%     4

Your spell library contained the following spells:

 Spells                   Type           Power      Damage    Failure   Level
 Apportation              Tloc           100%       N/A       1%          1
 Kiss of Death            Conj/Necr      100%       2d13      1%          1
 Sting                    Conj/Alch      100%       1d9       1%          1
 Blink                    Tloc           100%       N/A       1%          2
 Lesser Beckoning         Tloc           100%       N/A       1%          2
 Maxwell's Portable Pile  Tloc           100%       2d(15-43) 1%          3
 Swiftness                Air            100%       N/A       1%          3
 Teleport Other           Tloc           100%       N/A       1%          3
 Volatile Blastmotes      Fire/Tloc      100%       2d18      1%          3
 Iskenderun's Battlesphe  Conj           100%       2d15      1%          5
 Vhi's Electric Charge    Tloc/Air       100%       N/A       2%          4
 Hailstorm                Conj/Ice       86%        3d14      4%          3
 Stone Arrow              Conj/Erth      100%       3d13      4%          3
 Brom's Barrelling Bould  Conj/Erth      86%        2d10      14%         4
 Fulminant Prism          Conj/Alch      43%        3d19      14%         4
 Conjure Ball Lightning   Conj/Air       54%        3x3d20    16%         6
 Starburst                Conj/Fire      54%        6d15      16%         6
 Ignite Poison            Fire/Alch      79%        N/A       26%         4
 Sticky Flame             Fire/Alch      79%        2d12      26%         4
 Summon Blazeheart Golem  Fire/Summ      79%        N/A       26%         4
 Summon Lightning Spire   Summ/Air       78%        N/A       28%         4
 Dispersal                Tloc           51%        N/A       32%         6
 Gell's Gavotte           Tloc           51%        2d(34-51) 32%         6
 Freeze                   Ice            100%       1d10      38%         1
 Necrotise                Necr           100%       1d9       38%         1
 Sandblast                Erth           74%        2d16      38%         1
 Summon Small Mammal      Summ           100%       N/A       38%         1
 Call Imp                 Summ           74%        N/A       50%         2
 Ensorcelled Hibernation  Hex/Ice        74%        N/A       50%         2
 Call Canine Familiar     Summ           37%        N/A       73%         3
 Confusing Touch          Hex            37%        N/A       73%         3
 Frozen Ramparts          Ice            74%        1d12      73%         3
 Fugue of the Fallen      Necr           37%        N/A       73%         3
 Ozocubu's Armour         Ice            37%        N/A       73%         3
 Passwall                 Erth           37%        N/A       73%         3
 Sigil of Binding         Hex            37%        N/A       73%         3
 Summon Ice Beast         Ice/Summ       37%        N/A       73%         3
 Tukima's Dance           Hex            37%        N/A       73%         3
 Vampiric Draining        Necr           37%        2d8       73%         3
 Manifold Assault         Tloc           51%        N/A       86%         7
 Bombard                  Conj/Erth      43%        9d7       89%         6
 Anguish                  Hex/Necr       18%        N/A       98%         4
 Animate Armour           Summ/Erth      74%        N/A       98%         4
 Cause Fear               Hex            18%        N/A       98%         4
 Dispel Undead            Necr           37%        3d15      98%         4
 Leda's Liquefaction      Alch/Erth      18%        N/A       98%         4
 Martyr's Knell           Necr/Summ      37%        N/A       98%         4
 Petrify                  Alch/Erth      37%        N/A       98%         4
 Alistair's Intoxication  Alch           24%        N/A       100%        5
 Borgnjor's Vile Clutch   Necr/Erth      18%        N/A       100%        5
 Curse of Agony           Necr           37%        N/A       100%        5
 Lee's Rapid Deconstruct  Erth           18%        3d11*     100%        5
 Metabolic Englaciation   Hex/Ice        18%        N/A       100%        5
 Summon Mana Viper        Hex/Summ       37%        N/A       100%        5
 Death Channel            Necr           18%        N/A       100%        6
 Eringya's Noxious Bog    Alch           18%        4d6       100%        6
 Sculpt Simulacrum        Ice/Alch       18%        N/A       100%        6
 Enfeeble                 Hex            18%        N/A       100%        7
 Haunt                    Necr/Summ      18%        N/A       100%        7
 Monstrous Menagerie      Summ           18%        N/A       100%        7
 Ozocubu's Refrigeration  Ice            18%        4d11      100%        7
 Spellforged Servitor     Conj/Summ      43%        N/A       100%        7
 Summon Hydra             Summ           18%        N/A       100%        7
 Borgnjor's Revivificati  Necr           18%        N/A       100%        8
 Discord                  Hex            18%        N/A       100%        8
 Disjunction              Tloc           51%        N/A       100%        8
 Ignition                 Fire           52%        3d14      100%        8
 Maxwell's Capacitive Co  Air            51%        ∞         100%        8
 Death's Door             Necr           18%        N/A       100%        9
 Dragon's Call            Summ           18%        N/A       100%        9
 Polar Vortex             Ice            18%        12d2*     100%        9


Dungeon Overview and Level Annotations

Branches:
Dungeon (15/15)            Temple (1/1) D:5            Lair (5/5) D:8
  Swamp (4/4) Lair:2        Snake (4/4) Lair:3        Slime (5/5) Lair:4
    Orc (2/2) D:12            Elf (3/3) Orc:2        Vaults (5/5) D:13
  Crypt (3/3) Vaults:3       Tomb (0/3) Crypt:3      Depths (4/4) D:15
    Zot (3/5) Depths:4      Sewer (visited)          Bailey (visited)
  IceCv (visited)

Altars:
Ashenzari
Cheibriados
Dithmenos
Fedhas
Gozag
Hepliaklqana
Kikubaaqudgha
Makhleb
Nemelex Xobeh
Okawaru
Qazlal
Ru
Sif Muna
Trog
Uskayaw
Vehumet
Wu Jian
Xom
Yredelemnul
Jiyva
Lugonu

Shops:
D:12 [   D:13 (   Orc:2 *[![   Elf:1 (   Elf:3 *[   Snake:4 ?   Vaults:1 !
Vaults:2 :[   Vaults:4 *   Depths:2 **

Portals:
Hell: Depths:1 Depths:2 Depths:3 Depths:4
Abyss: Depths:1 Depths:3
Pandemonium: Depths:2
Ziggurat: Depths:2
Trove: D:15 (show abyssal rune of Zot)

Annotations:
D:4 exclusion: statue
D:5 Dowan, Duvessa
D:9 Jeremiah
Lair:1 2 transporters, Grimmash's ghost, novice DsCj
Elf:2 2 runed translucent doors
Crypt:2 1 transporter
Zot:1 1 transporter, Parghit


Innate Abilities, Weirdness & Mutations

You are powered by pain.
When hurt, damage is shared between your health and your magic reserves.
You regenerate magic rapidly.
You have an absolutely massive brain. (Int +6, Wiz)
Your presence sometimes corrodes or deforms those you injure.
You can speak a Word of Chaos.
You have a sharp stinger which inflicts weakening toxins.
Armour fits poorly on your strangely shaped body.
Your body sometimes deteriorates upon taking damage.
You are dopey. (Int -2)
You are frail. (-10% HP)
You are occasionally teleported next to monsters.
You are very weak. (Str -4)
Potions are less effective at restoring your health.
You are very vulnerable to heat. (rF--)
You occasionally lose the ability to drink potions when taking damage.
You sometimes lose the ability to read scrolls when taking damage.
You expend magic power (3 MP) to strengthen your wands.
You have hidden genetic defects.
Your health recovers twice as slowly from being drained.


Message History

Unknown command.
Casting: Plasma Beam (dangerous; 30% risk of failure)
Confirm with . or Enter, or press ? or * to list all spells.
You erupt in a blast of force!
The mystic blast hits the yellow draconian.
The yellow draconian is lightly wounded.
The yellow draconian is knocked back by the mystic blast.
The yellow draconian slams into the rock wall.
The yellow draconian is lightly wounded.
The mystic blast hits the purple draconian shifter.
The purple draconian shifter is lightly wounded.
The purple draconian shifter is knocked back by the mystic blast.
The purple draconian shifter slams into the rock wall!
The purple draconian shifter is lightly wounded.
The mystic blast hits the red draconian scorcher!
The red draconian scorcher is lightly wounded.
The red draconian scorcher is knocked back by the mystic blast.
The red draconian scorcher slams into the rock wall.
The mystic blast hits the tentacled monstrosity!
The tentacled monstrosity is almost dead.
The tentacled monstrosity is knocked back by the mystic blast.
The tentacled monstrosity slams into the rock wall!
You kill the tentacled monstrosity!
Cheibriados appreciates the change of pace.
Casting: Iskenderun's Mystic Blast (mildly dangerous; 1% risk of failure)
Confirm with . or Enter, or press ? or * to list all spells.
You erupt in a blast of force!
The mystic blast hits the yellow draconian!
The yellow draconian is moderately wounded.
The yellow draconian is knocked back by the mystic blast.
The yellow draconian slams into the rock wall.
The yellow draconian is moderately wounded.
The mystic blast hits the purple draconian shifter!!
The purple draconian shifter is heavily wounded.
The purple draconian shifter is knocked back by the mystic blast.
The purple draconian shifter slams into the rock wall.
The red draconian scorcher breathes fire at you.
The searing blast hits you!!!
You die...
Cheibriados appreciates the motionlessness of death.

#..###........# ##..#
#....dy. .#..## #.....#
#.#..## #..q.##
#..#..####....##
##..#..#####q..### #
###.##..## ##.#.°### ..
.###.##..## ##$##..######...
..###..##.## ##q@##..#......
...###..##.#####d.##....#...
....###..##..####...........
.#...##.......#####q..######
.###...............##..# .#
##.[.....######## ### ##
###.#..## ######


You could see a yellow draconian, 2 draconians and a red draconian scorcher
(catching breath).

Vanquished Creatures
  the Royal Jelly (Slime:5)
  3 ancient liches
  3 dread liches
  6 orbs of fire
  Mara (Depths:2)
  A juggernaut (Depths:2)
  Vashnia (Snake:4)
  The ghost of Chimkentus the Warrior, a veteran TrMo of Qazlal (Crypt:1)
  Vv (Depths:2)
  Bai Suzhen (Elf:3)
  Jory (Vaults:5)
  8 golden dragons
  6 bone dragons
  The ghost of Domino the Warrior, an adept MiFi of Qazlal (Vaults:3)
  A profane servitor (Abyss:2)
  An electric golem (Zot:3)
  21 tentacled monstrosities
  A Hell Sentinel (Abyss:3)
  Rupert (D:12)
  The ghost of Xecaleth the Tortoise, an adept GrFi of Makhleb (Crypt:2)
  6 liches
  A walking crystal tome (Depths:2)
  A walking divine tome (Depths:3)
  6 titans
  Asterion (Elf:3)
  2 deep elf blademasters (Elf:3)
  A walking earthen tome (Depths:2)
  4 quicksilver dragons
  22 acid blobs
  A walking frostbound tome (Depths:2)
  7 sphinxes
  A deep elf master archer (Elf:3)
  3 ancient champions
  7 death cobs
  17 tentacled starspawn
  11 storm dragons
  5 revenants
  Donald (Swamp:4)
  7 tengu reavers
  Roxanne (Snake:2)
  18 azure jellies
  10 shadow dragons
  6 protean progenitors
  4 nagarajas (Snake:4)
  16 rockslimes
  2 draconian knights
  5 frost giants
  Louise (Snake:1)
  9 fire giants
  A draconian scorcher (Zot:2)
  A draconian monk (Zot:3)
  4 deep elf sorcerers
  3 iron dragons
  A draconian shifter (Zot:2)
  2 curse skulls (Crypt:3)
  11 vault wardens
  An orc warlord (Vaults:2)
  2 cacodemons
  7 deep elf elementalists (Elf:3)
  8 ghouls
  A draconian stormcaller (Zot:3)
  6 formless jellyfish
  2 spriggan defenders (Depths:2)
  3 draconian annihilators
  2 juggernaut skeletons
  13 very ugly things
  11 stone giants
  14 quicksilver oozes
  10 ironbound preservers
  8 deep elf death magi
  9 ironbound thunderhulks
  5 eleionomae
  2 deep elf demonologists (Elf:3)
  6 deep elf annihilators (Elf:3)
  3 vampire knights
  5 green draconians
  3 red draconians
  9 black draconians
  5 yellow draconians
  8 dire elephants (Vaults:1)
  A war gargoyle (Vaults:5)
  7 purple draconians
  A bunyip (shapeshifter) (Vaults:5)
  4 bunyips
  5 white draconians
  10 spark wasps
  10 ettins
  11 eidola
  11 fire dragons
  Josephine (D:14)
  5 deep elf high priests
  6 jiangshi
  2 entropy weavers
  2 shambling mangroves (Swamp:4)
  10 great orbs of eyes
  13 yaktaur captains
  5 salamander tyrants
  2 rakshasas
  3 catoblepae
  An ogre mage (Vaults:5)
  2 jorogumos (Zot:3)
  25 hydras
  36 vault guards
  11 centaur warriors
  A sphinx zombie (Vaults:3)
  7 ice dragons
  A spriggan skeleton (Depths:1)
  12 anacondas
  14 alligators
  A peacekeeper (Vaults:2)
  3 two-headed ogres
  8 ironbound frosthearts
  4 boulder beetles
  14 dancing weapons
  2 death knights
  7 death yaks
  A fenstrider witch skeleton (Crypt:1)
  3 ghost crabs
  7 tengu warriors
  3 spriggan berserkers
  8 deep troll earth magi
  23 naga warriors
  2 deep troll shamans
  A titan zombie (Crypt:3)
  5 vampire magi
  18 thrashing horrors
  3 orc high priests
  A shock serpent (shapeshifter) (Vaults:5)
  5 hell knights
  15 naga sharpshooters
  6 spriggans
  11 shock serpents
  A sun demon (Abyss:3)
  A titan skeleton (Crypt:3)
  11 deep elf knights
  5 soul eaters
  3 shadow wraiths
  2 skysharks
  A fire crab (shapeshifter) (Elf:3)
  4 skeletal warriors
  A spark wasp zombie (Crypt:1)
  A storm dragon skeleton (Depths:1)
  7 goliath frogs
  9 wretched stars
  3 iron trolls
  11 salamander mystics
  3 spriggan druids
  5 flayed ghosts
  5 sixfirhies
  13 deep elf archers
  43 deep trolls
  2 golden dragon zombies
  A shadow demon (Depths:2)
  An anaconda zombie (Crypt:1)
  4 glowing orange brains
  Lodul (D:14)
  10 arcanists
  14 mana vipers
  A spatial maelstrom (Abyss:4)
  A death drake (Swamp:3)
  An orb spider (shapeshifter) (Vaults:4)
  8 bog bodies
  6 harpies (Vaults:1)
  A snapping turtle (shapeshifter) (Depths:2)
  9 naga ritualists
  20 large abominations
  3 obsidian bats
  15 lindwurms
  2 orange crystal statues (Abyss:4)
  9 swamp dragons
  20 deep elf pyromancers
  An eye of devastation (shapeshifter) (Depths:3)
  27 deep elf zephyrmancers
  11 phantasmal warriors
  9 necromancers
  8 orc knights
  An iron dragon zombie (Crypt:1)
  15 ironbound convokers
  3 thermic dynamos
  4 shining eyes
  48 ugly things
  6 orc sorcerers
  2 tengu skeletons
  2 shadow dragon skeletons
  3 manticores (D:15)
  A faun (shapeshifter) (Depths:4)
  7 cyclopes
  3 will-o-the-wisps (Swamp:3)
  A wolf spider (Vaults:5)
  Maurice (D:12)
  15 moths of wrath
  16 salamanders
  17 naga magi
  3 meliai (D:15)
  6 elephants
  A frost giant skeleton (Crypt:2)
  17 vault sentinels
  36 black mambas
  A formless jellyfish zombie (Crypt:1)
  A gargoyle (Bailey)
  An eye of devastation (Slime:4)
  3 kobold blastminers (Orc:1)
  3 guardian serpents
  5 smoke demons
  2 ice statues (IceCv)
  A purple draconian zombie (Crypt:3)
  A mana viper zombie (Crypt:1)
  4 orange demons
  An unseen horror (shapeshifter) (D:14)
  A cane toad (shapeshifter) (Abyss:2)
  16 cane toads
  A hellion (Abyss:3)
  5 komodo dragons
  A spark wasp simulacrum (Depths:3)
  Maggie (D:9)
  4 unseen horrors
  A yaktaur zombie (Vaults:3)
  4 kobold demonologists
  11 rime drakes
  2 efreet
  27 yaktaurs
  A komodo dragon (shapeshifter) (Depths:2)
  An anaconda simulacrum (IceCv)
  A tormentor (Abyss:4)
  9 ice devils
  6 freezing wraiths
  5 ancient zymes
  4 tengu conjurers
  A harpy zombie (Crypt:1)
  6 trolls
  3 polar bears
  A bloated husk (Swamp:3)
  Psyche (D:11)
  6 hellwings
  A merfolk (shapeshifter) (Vaults:5)
  7 tyrant leeches
  A hornet (shapeshifter) (Elf:3)
  2 spectral guardian serpents (Crypt:1)
  7 hornets
  A blink frog (shapeshifter) (Abyss:2)
  16 blink frogs
  A tarantella zombie (Crypt:2)
  A jumping spider (Vaults:3)
  2 jumping spiders (shapeshifter) (Vaults:5)
  3 snapping turtles (Zot:2)
  7 human skeletons
  14 raiju
  122 slime creatures
  6 dream sheep (Lair:4)
  3 glass eyes
  2 raiju (shapeshifter)
  A guardian serpent skeleton (Crypt:2)
  A jumping spider zombie (Crypt:3)
  An ice dragon skeleton (Crypt:1)
  5 water elementals
  3 ynoxinuls
  2 dire elephant simulacra (IceCv)
  2 air elementals (Elf:3)
  3 shadows
  11 small abominations
  3 wyverns
  3 vampires
  6 basilisks
  A culicivora (shapeshifter) (Elf:3)
  A fire elemental (Elf:2)
  27 yaks
  A black mamba skeleton (Crypt:1)
  2 elf zombies
  3 wargs
  8 golden eyes
  An alligator snapping turtle simulacrum (Abyss:4)
  6 harpy simulacra
  19 wraiths
  3 steam dragons
  6 neqoxecs
  11 vampire mosquitoes
  7 chaos spawn
  A spatial vortex (Abyss:4)
  14 swamp worms
  41 nagas
  A swamp worm (shapeshifter) (Vaults:5)
  3 hydra simulacra (IceCv)
  14 water moccasins
  3 naga skeletons
  2 glowing shapeshifter skeletons
  27 orc warriors
  A sky beast (shapeshifter) (Depths:3)
  An ice beast (D:7)
  5 swamp drakes
  2 sky beasts
  26 laughing skulls
  An ettin simulacrum (Crypt:1)
  11 ogres
  4 wolves (Lair:1)
  86 starcursed masses
  7 centaurs
  3 weeping skulls
  3 kobold brigands
  A komodo dragon zombie (Crypt:3)
  Blork the orc (D:5)
  A gnoll sergeant (Orc:2)
  16 bullfrogs
  A scorpion (D:6)
  9 earth elementals
  5 wights
  13 killer bees
  9 vampire bats (Bailey)
  6 wolf zombies
  8 electric eels
  A polar bear skeleton (Crypt:2)
  9 howler monkeys
  2 hounds
  2 quasits (Abyss:3)
  An iron imp (Abyss:2)
  12 jellies
  2 gnoll boudas
  A basilisk zombie (Crypt:2)
  30 orc priests
  An iguana (D:4)
  Jessica (D:3)
  43 orc wizards
  A boggart skeleton (Crypt:3)
  7 hell rats (Lair:4)
  2 spriggan simulacra
  An ogre skeleton (Crypt:1)
  2 crocodile skeletons
  10 gnolls
  A river rat (D:5)
  10 adders
  7 white imps
  6 ufetubi
  An adder skeleton (Crypt:3)
  An iguana skeleton (Crypt:1)
  2 dart slugs
  4 ribbon worms
  67 orcs
  5 ball pythons
  13 endoplasms
  6 giant cockroaches
  19 goblins
  9 hobgoblins
  A quokka (D:2)
  4 bats
  An endoplasm zombie (Crypt:3)
  9 frilled lizards
  A goblin zombie (Crypt:2)
  A hobgoblin zombie (Crypt:3)
  22 kobolds
  21 orc zombies (Bailey)
  11 rats
  A spectral orc (D:7)
  2 foxfires (Depths:2)
  5 spectral weapons
  16 starspawn tentacles
2470 creatures vanquished.

Vanquished Creatures (collateral kills)
  Frederick (Depths:4)
  An ancient lich (Vaults:5)
  A death cob (Zot:3)
  A nagaraja (Snake:4)
  A rockslime (Slime:3)
  A deep elf demonologist (Elf:3)
  A yellow draconian (Zot:2)
  A deep elf annihilator (Elf:3)
  A great orb of eyes (Slime:3)
  A deep troll shaman (Depths:3)
  A deep troll earth mage (Depths:3)
  A salamander mystic (Snake:4)
  An iron troll (Depths:3)
  A deep troll (Depths:4)
  A deep elf zephyrmancer (Elf:3)
  A yaktaur (shapeshifter) (Depths:3)
  A hornet (Swamp:3)
  A golden eye (Slime:3)
  A naga (Snake:4)
  2 jellies (Lair:4)
  26 foxfires
47 creatures vanquished.

Vanquished Creatures (others)
  An angel (D:3)
  A stone giant (Depths:2)
  A spriggan (Swamp:1)
  3 deep elf pyromancers
  A bloated husk (Swamp:1)
  A hornet (Swamp:1)
  998 foxfires
  A lurking horror (Abyss:4)
  75 spectral weapons
  27 starspawn tentacles
1109 creatures vanquished.

Grand Total: 3626 creatures vanquished

Notes
Turn   | Place    | Note
-------+----------+-------------------------------------------
     0 | D:1      | Grimmash the Demonspawn Conjurer began the quest for the
                  | Orb.
     0 | D:1      | Reached XP level 1. HP: 13/13 MP: 3/3
   261 | D:1      | Gained mutation: You regenerate magic rapidly. [demonic
                  | ancestry]
   261 | D:1      | Reached XP level 2. HP: 20/20 MP: 0/5
   274 | D:1      | Learned a level 2 spell: Searing Ray
   849 | D:1      | Reached XP level 3. HP: 25/25 MP: 3/6
   894 | D:1      | Reached skill level 1 in Fighting
  1551 | D:2      | Found a faded altar of an unknown god.
  1595 | D:2      | Reached skill level 1 in Armour
  1811 | D:2      | Gained mutation: You have an unusually large brain. (Int
                  | +2) [demonic ancestry]
  1811 | D:2      | Reached XP level 4. HP: 32/32 MP: 5/7
  2124 | D:3      | Noticed an angel
  2129 | D:3      | Found a shimmering altar of Xom.
  2129 | D:3      | Noticed Jessica
  2132 | D:3      | Killed Jessica
  2168 | D:3      | Learned a level 1 spell: Foxfire
  2195 | D:3      | Noticed a kobold brigand
  2412 | D:4      | Found a radiant altar of Vehumet.
  2412 | D:4      | Noticed a charred statue
  2612 | D:4      | Found an ornate altar of the Wu Jian Council.
  2688 | D:4      | Reached skill level 5 in Conjurations
  2979 | D:4      | Reached XP level 5. HP: 19/38 MP: 2/9
  3735 | D:3      | Reached skill level 1 in Short Blades
  3735 | D:3      | Reached skill level 1 in Fire Magic
  3735 | D:3      | Gained mutation: You have a small tail. [demonic ancestry]
  3735 | D:3      | Reached XP level 6. HP: 20/44 MP: 5/10
  3789 | D:3      | Killed an angel
  4567 | D:5      | Entered Level 5 of the Dungeon
  4594 | D:5      | Noticed Blork the orc
  4602 | D:5      | Killed Blork the orc
  4619 | D:5      | Noticed Dowan
  4624 | D:5      | Noticed Duvessa
  4683 | D:5      | Found a glowing drain.
  4705 | Sewer    | Entered a sewer
  4766 | Sewer    | Learned a level 4 spell: Iskenderun's Mystic Blast
  4938 | Sewer    | Gained mutation: You sometimes gain a little power by
                  | taking damage. [demonic ancestry]
  4938 | Sewer    | Reached XP level 7. HP: 50/50 MP: 5/12
  5007 | Sewer    | Found a viscous altar of Jiyva.
  5389 | D:5      | Reached skill level 1 in Shapeshifting
  5536 | D:5      | Found a staircase to the Ecumenical Temple.
  5553 | Temple   | Entered the Ecumenical Temple
  5596 | Temple   | Became a worshipper of Cheibriados the Contemplative
  5958 | D:6      | Reached skill level 1 in Translocations
  6010 | D:6      | Noticed a troll
  6185 | D:6      | You fall into a shaft and drop 2 floors!
  6198 | D:8      | Reached skill level 1 in Invocations
  6475 | D:8      | Gained mutation: You have a tail ending in a sharp stinger.
                  | [demonic ancestry]
  6475 | D:8      | Reached XP level 8. HP: 57/57 MP: 10/14
  6494 | D:8      | Reached * piety under Cheibriados
  6831 | D:7      | Reached skill level 5 in Spellcasting
  6943 | D:7      | Gained mutation: You sometimes gain power by taking damage.
                  | [demonic ancestry]
  6943 | D:7      | Reached XP level 9. HP: 46/64 MP: 4/16
  7332 | D:7      | Found a blossoming altar of Fedhas.
  7386 | D:7      | Reached ** piety under Cheibriados
  7397 | D:7      | Learned a level 6 spell: Plasma Beam
  7692 | D:7      | Found a basalt altar of Yredelemnul.
  8380 | D:6      | Killed a troll
  8381 | D:6      | Reached skill level 1 in Air Magic
  8682 | D:8      | Noticed an elephant
  8702 | D:8      | Killed an elephant
  8810 | D:8      | Identified the +6 long sword "X" {spect, Fly Int+3}
  8987 | D:8      | Found a staircase to the Lair.
  9373 | Lair:1   | Entered Level 1 of the Lair of Beasts
  9401 | Lair:1   | Noticed a komodo dragon
  9416 | Lair:1   | Killed a komodo dragon
  9422 | Lair:1   | Noticed a komodo dragon
  9423 | Lair:1   | Gained mutation: You have a sharp stinger which inflicts
                  | weakening toxins. [demonic ancestry]
  9423 | Lair:1   | Reached XP level 10. HP: 42/71 MP: 0/18
  9437 | Lair:1   | Noticed a cane toad
  9795 | D:9      | Noticed Maggie
  9803 | D:9      | Killed Maggie
  9931 | D:9      | Reached skill level 1 in Long Blades
  9937 | D:9      | Reached *** piety under Cheibriados
 10106 | D:9      | Reached skill level 1 in Shields
 10130 | D:9      | Noticed a soul eater
 10133 | D:9      | Reached skill level 1 in Throwing
 10241 | D:9      | Noticed Jeremiah
 10244 | D:9      | Reached skill level 5 in Invocations
 10800 | D:10     | Entered Level 10 of the Dungeon
 10800 | D:10     | Noticed a two-headed ogre
 10806 | D:10     | Killed a two-headed ogre
 10893 | D:10     | Found a flagged portal.
 11045 | Bailey   | Entered a bailey
 11061 | Bailey   | Reached **** piety under Cheibriados
 11243 | Bailey   | Noticed a gargoyle
 11252 | Bailey   | Killed a gargoyle
 11253 | Bailey   | Reached XP level 11. HP: 78/78 MP: 3/20
 11318 | Bailey   | Found the +3 pair of gauntlets of War {Slay+5}
 11805 | D:10     | Found a bloodstained altar of Trog.
 12049 | D:9      | Reached ***** piety under Cheibriados
 12467 | Lair:1   | Found a transporter.
 12468 | Lair:1   | Found a transporter.
 12468 | Lair:1   | Noticed Grimmash's ghost (novice DsCj)
 12469 | Lair:1   | Noticed a catoblepas
 12471 | Lair:1   | Noticed a six-headed hydra
 13375 | Lair:2   | Reached skill level 1 in Evocations
 13704 | Lair:2   | Noticed a skyshark
 13723 | Lair:2   | Killed a skyshark
 14375 | Lair:2   | Found a staircase to the Swamp.
 14430 | Lair:2   | Noticed a six-headed hydra
 14439 | Lair:2   | Killed a six-headed hydra
 14468 | Lair:2   | Identified the ring "Wowilumiar" {Will+ Int+3 Dex+6}
 14899 | Lair:3   | Reached skill level 5 in Fighting
 14899 | Lair:3   | Reached skill level 5 in Fire Magic
 14976 | Lair:3   | Noticed a death yak
 14980 | Lair:3   | Noticed a death yak
 14983 | Lair:3   | Noticed a death yak
 14989 | Lair:3   | Killed a death yak
 14990 | Lair:3   | Reached skill level 5 in Dodging
 15002 | Lair:3   | Killed a death yak
 15004 | Lair:3   | Killed a death yak
 15005 | Lair:3   | Reached XP level 12. HP: 79/86 MP: 4/23
 15330 | Lair:3   | Noticed a boulder beetle
 15337 | Lair:3   | Killed a boulder beetle
 15485 | Lair:3   | Found a staircase to the Snake Pit.
 16138 | Lair:4   | Reached ****** piety under Cheibriados
 16294 | Lair:4   | Reached skill level 5 in Armour
 16653 | Lair:4   | Found a staircase to the Slime Pits.
 16653 | Lair:4   | Found a viscous altar of Jiyva.
 16657 | Lair:4   | Noticed an eight-headed hydra
 16669 | Lair:4   | Killed an eight-headed hydra
 16802 | Lair:4   | Reached skill level 5 in Long Blades
 17249 | Lair:5   | Entered Level 5 of the Lair of Beasts
 17648 | Lair:5   | Noticed a six-headed hydra
 17653 | Lair:5   | Noticed an eight-headed hydra
 17656 | Lair:5   | Killed a six-headed hydra
 17657 | Lair:5   | Killed an eight-headed hydra
 17681 | Lair:5   | Found the +4 consecrated labrys {holy, Valiant ^Fragile Fly
                  | SInv}
 17690 | Lair:5   | Reached XP level 13. HP: 83/93 MP: 22/25
 17700 | Lair:5   | Reached skill level 5 in Translocations
 19116 | Lair:5   | Reached skill level 5 in Air Magic
 19152 | Lair:5   | Identified the +4 short sword of Makhleb's Inspiration
                  | {heavy, rC- rN+ SInv Stlth+}
 19176 | Lair:5   | Identified the +1 sling "Deiqicw" {flame, rPois Stlth+}
 19990 | D:11     | Noticed Psyche
 19992 | D:11     | Killed Psyche
 19999 | D:11     | Learned a level 5 spell: Arcjolt
 20234 | D:11     | Reached skill level 5 in Evocations
 20461 | D:11     | HP: 4/90 [+2 dire flail of holy wrath (37)]
 21046 | D:12     | Found Daniel's Dragon-Slaying Spoils.
 21102 | D:12     | Noticed Rupert
 21440 | D:12     | Found a staircase to the Orcish Mines.
 21583 | D:12     | Noticed Maurice
 21594 | D:12     | Killed Maurice
 21782 | D:12     | Reached XP level 14. HP: 87/101 MP: 26/26
 22059 | D:12     | Killed Rupert
 22282 | D:12     | Found Daniel's Dragon-Slaying Spoils.
 22411 | D:12     | Found a staircase to the Orcish Mines.
 22439 | D:13     | Found Asaopuun's Weapon Shop.
 22493 | D:13     | Noticed an ironbound preserver
 22504 | D:13     | Killed an ironbound preserver
 22598 | D:13     | Found a frozen archway.
 22602 | D:13     | Reached skill level 5 in Shapeshifting
 22611 | IceCv    | Entered an ice cave
 23710 | D:13     | Found a gate to the Vaults.
 23744 | D:13     | Reached skill level 5 in Shields
 24656 | D:13     | Identified the +0 dagger of Honesty {pain, Str+6}
 24842 | D:14     | Noticed Lodul
 25117 | D:14     | Killed Lodul
 25319 | D:14     | Noticed Josephine
 25327 | D:14     | Killed Josephine
 26236 | D:15     | Entered Level 15 of the Dungeon
 26645 | D:15     | Reached XP level 15. HP: 96/108 MP: 22/28
 27305 | D:15     | Reached skill level 10 in Conjurations
 27526 | D:15     | Found a portal to a secret trove of treasure.
 27785 | D:15     | Found a shadowy altar of Dithmenos.
 27832 | D:15     | Found a staircase to the Depths.
 27960 | Orc:1    | Entered Level 1 of the Orcish Mines
 28086 | Orc:2    | Entered Level 2 of the Orcish Mines
 28373 | Orc:2    | Reached skill level 10 in Invocations
 28442 | Orc:2    | Found Zagijun's Antique Armour Boutique.
 28442 | Orc:2    | Found Fieh's Armour Shop.
 28613 | Orc:2    | Found Nivi Vuh's Distillery.
 28617 | Orc:2    | Found Meleu's Assorted Antiques.
 28922 | Orc:2    | Found a staircase to the Elven Halls.
 30051 | D:12     | Bought the +11 gold dragon scales of Atofai {rPois rF+ rC+
                  | rN+ Will+} for 2131 gold pieces
 30231 | Swamp:1  | Entered Level 1 of the Swamp
 31392 | Swamp:2  | Gained mutation: You have an extremely huge brain. (Int +4)
                  | [demonic ancestry]
 31392 | Swamp:2  | Reached XP level 16. HP: 37/116 MP: 26/29
 33666 | Swamp:3  | Reached skill level 10 in Spellcasting
 33680 | Swamp:3  | Noticed a tentacled monstrosity
 34107 | Swamp:3  | Killed a tentacled monstrosity
 34414 | Swamp:4  | Entered Level 4 of the Swamp
 34795 | Snake:1  | Entered Level 1 of the Snake Pit
 35134 | Snake:1  | Found Midofed's CLEARANCE SALE!.
 36282 | Snake:1  | Identified the +0 scale mail of Baldness {rPois rC+ rCorr
                  | Dex+4}
 36355 | Snake:1  | Noticed Louise
 36368 | Snake:1  | Killed Louise
 37042 | Snake:2  | Noticed Roxanne
 37068 | Snake:2  | Killed Roxanne
 37303 | Snake:2  | Identified the +9 glaive of Crawling {protect, Int+3}
 38899 | Snake:3  | Reached XP level 17. HP: 122/122 MP: 21/31
 40859 | Snake:4  | Entered Level 4 of the Snake Pit
 41142 | Snake:4  | Reached skill level 10 in Long Blades
 41862 | Snake:4  | Noticed Vashnia
 41911 | Snake:4  | Killed Vashnia
 42304 | Snake:4  | Found Hoedattu's Magic Scroll Boutique.
 42318 | Snake:4  | Reached skill level 5 in Stealth
 42331 | Snake:4  | Bought a scroll of teleportation for 42 gold pieces
 42331 | Snake:4  | Bought a scroll of blinking for 105 gold pieces
 42547 | Snake:4  | Found a shimmering altar of Xom.
 44250 | Snake:4  | Identified the +1 morningstar of Enormous True Grit {flame,
                  | rPois rF+ rCorr}
 44530 | Snake:4  | Gained mutation: Your presence sometimes corrodes those you
                  | injure. [demonic ancestry]
 44530 | Snake:4  | Reached XP level 18. HP: 93/131 MP: 24/32
 45049 | Snake:4  | Got a serpentine rune of Zot
 46083 | Swamp:4  | Noticed Donald
 46088 | Swamp:4  | Killed Donald
 46271 | Swamp:4  | Paralysed by a hornet for 1 turns
 46691 | Swamp:4  | Got a decaying rune of Zot
 47092 | Elf:1    | Entered Level 1 of the Elven Halls
 47612 | Elf:1    | Identified the storm talisman of Prudence {+Blink Dex+3}
 48210 | Elf:1    | Found Qemipnai's Antique Weapon Emporium.
 48432 | Elf:2    | Found a runed translucent door.
 48465 | Elf:2    | Found a runed translucent door.
 49423 | Elf:3    | Entered Level 3 of the Elven Halls
 49433 | Elf:3    | Gained mutation: You are powered by pain. [demonic
                  | ancestry]
 49433 | Elf:3    | Reached XP level 19. HP: 131/138 MP: 13/34
 49511 | Elf:3    | Found a shimmering blue altar of Sif Muna.
 49587 | Elf:3    | Found Korowoat's Antique Armour Boutique.
 49591 | Elf:3    | Found Sum Nos's General Store.
 49758 | Elf:3    | Noticed Bai Suzhen
 49774 | Elf:3    | Killed Bai Suzhen
 50290 | Vaults:1 | Entered Level 1 of the Vaults
 50560 | Vaults:1 | Found Waempe Sous's Distillery.
 50569 | Vaults:1 | Bought a potion of heal wounds for 95 gold pieces
 50569 | Vaults:1 | Bought a potion of heal wounds for 95 gold pieces
 50569 | Vaults:1 | Bought a potion of heal wounds for 95 gold pieces
 50569 | Vaults:1 | Bought a potion of curing for 57 gold pieces
 50678 | Vaults:1 | Reached skill level 10 in Armour
 51964 | Vaults:2 | Reached skill level 10 in Fighting
 51964 | Vaults:2 | Reached skill level 10 in Dodging
 52211 | Vaults:2 | Found Folasu Xeib's Armour Emporium.
 52562 | Vaults:2 | Reached XP level 20. HP: 142/147 MP: 24/36
 52759 | Vaults:2 | Found Hukis's Book Shop.
 53196 | Vaults:3 | Identified the +8 war axe "Ugom" {flame, rPois MP+9}
 53453 | Vaults:3 | Identified the +2 shortbow of Wu Jian's Pride {flame,
                  | Dex+6}
 53463 | Vaults:3 | Found a runed translucent gate.
 53463 | Vaults:3 | Found a runed translucent gate.
 53463 | Vaults:3 | Found a runed translucent gate.
 53464 | Vaults:3 | Noticed Domino's ghost (adept MiFi)
 53650 | Vaults:3 | Reached skill level 10 in Translocations
 54143 | Vaults:3 | Found a staircase to the Crypt.
 54143 | Vaults:3 | Found a basalt altar of Yredelemnul.
 54154 | Vaults:3 | Found an ancient bone altar of Kikubaaqudgha.
 55078 | Vaults:3 | Killed Domino's ghost
 55840 | Vaults:4 | Found Cocwuur's Assorted Antiques.
 56825 | Elf:3    | Identified the +2 robe of Qapiz {Regen+ Dex+9}
 56829 | Elf:3    | Identified the +4 great sword "Kythul" {venom, Stlth+}
 56829 | Elf:3    | Identified the ring "Latyt" {rElec rC+ Will+}
 56831 | Elf:3    | Noticed Asterion
 56835 | Elf:3    | Killed Asterion
 56836 | Elf:3    | Reached skill level 10 in Evocations
 56836 | Elf:3    | Gained mutation: When hurt, damage is shared between your
                  | health and your magic reserves. [demonic ancestry]
 56836 | Elf:3    | Reached XP level 21. HP: 75/154 MP: 17/37
 57165 | Elf:3    | Paralysed by an air elemental for 1 turns
 57491 | Elf:3    | Got the Thoughts on Unified Malediction
 57497 | Elf:3    | Identified the staff "Orej" {rPois rF- rN+++ Conj Alchemy}
 57551 | Elf:3    | Got Sif Muna's Spellbook of Dark Subspace
 57564 | Elf:3    | Identified the +6 orcbow of Gallantry {heavy, SInv}
 57647 | Elf:3    | Identified the +3 ring mail of Shielding {rPois}
 57939 | Depths:1 | Entered Level 1 of the Depths
 58061 | Depths:1 | Found a gateway to Hell.
 58272 | Depths:1 | Found a one-way gate to the infinite horrors of the Abyss.
 58817 | Depths:2 | Found a one-way gate leading to the halls of Pandemonium.
 58837 | Depths:2 | Noticed Mara
 58917 | Depths:2 | Noticed Grimmash's illusion
 58926 | Depths:2 | Noticed Grimmash's illusion
 58944 | Depths:2 | Killed Mara
 59030 | Depths:2 | Found a one-way gateway to a ziggurat.
 59047 | Depths:2 | Reached skill level 10 in Fire Magic
 59069 | Depths:2 | Found Ciekloen's General Store.
 59125 | Depths:2 | Noticed Vv
 59247 | Depths:2 | Killed Vv
 59822 | Depths:2 | Noticed a golden dragon
 59834 | Depths:2 | Killed a golden dragon
 59850 | Depths:2 | You are sucked into a shaft and drop 1 floor!
 60005 | Depths:3 | Found a corrupted altar of Lugonu.
 60047 | Depths:2 | Noticed a juggernaut
 60047 | Depths:2 | Identified the +5 dagger of Corporal Punishment {venom,
                  | MP+9 Str+6}
 60066 | Depths:2 | Killed a juggernaut
 60366 | Depths:2 | Identified the +1 rapier "Omycic" {antimagic, *Rage rElec
                  | Int+3}
 60405 | Depths:2 | Found a bloodstained altar of Trog.
 61004 | Depths:2 | Found Liunivini's Fire Supplies.
 61033 | Depths:2 | Bought a +2 pair of boots of fire resistance for 344 gold
                  | pieces
 61372 | Depths:3 | Reached XP level 22. HP: 113/163 MP: 3/39
 61380 | Depths:3 | Reached skill level 10 in Shields
 61380 | Depths:3 | Reached skill level 10 in Air Magic
 62428 | Depths:3 | Found a stormy altar of Qazlal.
 62957 | Depths:3 | Noticed a golden dragon
 62971 | Depths:3 | Killed a golden dragon
 63051 | Depths:3 | Noticed a golden dragon
 63066 | Depths:3 | Killed a golden dragon
 63346 | Depths:3 | Identified the staff "Jellybane" {rPois Will+++ rCorr Str-3
                  | Alchemy}
 63533 | Depths:4 | Entered Level 4 of the Depths
 63651 | Depths:4 | Identified the orb "Xicyguj" {*channel, rF- Hexes Alchemy}
 63651 | Depths:4 | Noticed Frederick
 65243 | Depths:4 | Killed Frederick
 65495 | Depths:4 | Found a gate to the Realm of Zot.
 66321 | Crypt:1  | Entered Level 1 of the Crypt
 66484 | Crypt:1  | Found a runed translucent door.
 66484 | Crypt:1  | Noticed Chimkentus's ghost (veteran TrMo)
 66539 | Crypt:1  | Killed Chimkentus's ghost
 66551 | Crypt:1  | Identified the +0 pair of boots of Lachrymose Wonder {Str-5
                  | Dex+7 SInv}
 67667 | Crypt:2  | Identified a scroll of acquirement
 67672 | Crypt:2  | Acquired the +9 sword of Power {lifebolt}
 67672 | Crypt:2  | Found the +9 sword of Power {lifebolt}
 68006 | Crypt:2  | Found a transporter.
 68262 | Crypt:2  | Identified the +0 robe of Emeudwoi {Archmagi}
 68285 | Crypt:2  | Found a transporter.
 68292 | Crypt:2  | Noticed Xecaleth's ghost (adept GrFi)
 68306 | Crypt:2  | Noticed Xecaleth's ghost (adept GrFi)
 68496 | Crypt:3  | Entered Level 3 of the Crypt
 68739 | Crypt:3  | Noticed an ancient lich
 68747 | Crypt:3  | Gained mutation: Your presence sometimes corrodes or
                  | deforms those you injure. [demonic ancestry]
 68747 | Crypt:3  | Reached XP level 23. HP: 150/171 MP: 10/40
 68748 | Crypt:3  | Killed an ancient lich
 69212 | Crypt:3  | Noticed a dread lich
 69241 | Crypt:3  | Killed a dread lich
 69467 | Crypt:3  | Noticed an ancient lich
 69468 | Crypt:3  | Noticed a dread lich
 69841 | Crypt:3  | Found a staircase to the Tomb.
 69956 | Crypt:3  | Identified the +1 scimitar of Coxawah {drain, *Noise Fly
                  | rPois Str+4}
 70376 | Crypt:2  | Killed Xecaleth's ghost
 70663 | Crypt:3  | Killed a dread lich
 70690 | Crypt:3  | Killed an ancient lich
 71420 | Vaults:5 | Entered Level 5 of the Vaults
 71701 | Vaults:5 | Noticed an ancient lich
 71704 | Vaults:5 | Killed an ancient lich
 71707 | Vaults:5 | Identified the +0 robe of the Planets {+Blink}
 71995 | Vaults:5 | Noticed a dread lich
 72524 | Vaults:4 | Killed a dread lich
 73385 | Vaults:5 | Noticed Jory
 73698 | Vaults:5 | Killed Jory
 73975 | Vaults:5 | Identified the +1 great sword "Douwkennull" {venom, rF+ rN+
                  | Int+3 Stlth-}
 74106 | Vaults:5 | Reached XP level 24. HP: 164/180 MP: 34/41
 74327 | Vaults:5 | Noticed an ancient lich
 74339 | Vaults:5 | Killed an ancient lich
 74785 | Vaults:5 | Identified the +5 quarterstaff of the Foremost Violins
                  | {venom, ^Fragile +Blink rElec}
 74799 | Vaults:5 | Got Mara's Handbook of Creation
 75243 | Vaults:5 | Identified the +0 chain mail "Xaqiefen" {rF+ Will+ Int+3}
 75243 | Vaults:5 | Identified the ring "Nocworch" {Fly rC++}
 75425 | Vaults:5 | Got a silver rune of Zot
 75745 | Zot:1    | Entered Level 1 of the Realm of Zot
 75745 | Zot:1    | Found a transporter.
 76246 | Zot:1    | Noticed Parghit
 76561 | Zot:2    | Noticed an orb of fire
 76568 | Zot:1    | Reached skill level 15 in Conjurations
 76577 | Zot:1    | Noticed an ancient lich
 76598 | Zot:1    | Found a transporter.
 76600 | Zot:1    | Identified the ring of Eternal Night {rElec rN+ Int+2 SInv
                  | Stlth-}
 76603 | Zot:1    | Identified the amulet "Xoloor" {Spirit rElec}
 78073 | Zot:2    | Gained mutation: Your muscles are strong. (Str +4, Int/Dex
                  | -1) [an orb of fire]
 78353 | Depths:3 | Voluntarily entered the Abyss.
 78473 | Abyss:2  | Found a corrupted altar of Lugonu.
 78710 | Abyss:2  | Paralysed by accursed screaming for 1 turns
 78962 | Abyss:2  | Paralysed by accursed screaming for 1 turns
 79042 | Depths:3 | Escaped the Abyss
 79297 | Depths:3 | Voluntarily entered the Abyss.
 79912 | Abyss:2  | Upgraded the game from 0.32-a0-913-g739538afd8 to
                  | 0.32-a0-918-g0f22ef8d61
 79914 | Depths:3 | Escaped the Abyss
 80048 | Depths:3 | Voluntarily entered the Abyss.
 80452 | Abyss:3  | Found a corrupted altar of Lugonu.
 80481 | Abyss:3  | Found a corrupted altar of Lugonu.
 80548 | Depths:3 | Escaped the Abyss
 80939 | Depths:3 | Voluntarily entered the Abyss.
 81047 | Abyss:3  | Gained mutation: You can speak a Word of Chaos. [demonic
                  | ancestry]
 81047 | Abyss:3  | Reached XP level 25. HP: 182/192 MP: 40/41
 81366 | Depths:3 | Escaped the Abyss
 81687 | Depths:3 | Voluntarily entered the Abyss.
 82140 | Depths:3 | Escaped the Abyss
 82460 | Depths:3 | Voluntarily entered the Abyss.
 82565 | Abyss:4  | Gained mutation: You are frail. (-10% HP) [a neqoxec]
 82591 | Abyss:4  | Reached skill level 15 in Fighting
 82619 | Abyss:4  | Paralysed by accursed screaming for 1 turns
 82688 | Abyss:4  | Noticed a dread lich
 82712 | Abyss:4  | Got an abyssal rune of Zot
 82820 | Abyss:4  | Reached skill level 15 in Long Blades
 82839 | Depths:3 | Escaped the Abyss
 83967 | Slime:1  | Entered Level 1 of the Pits of Slime
 84608 | Slime:1  | Reached skill level 15 in Spellcasting
 85504 | Slime:3  | Gained mutation: You are vulnerable to heat. (rF-) [a
                  | shining eye]
 85507 | Slime:3  | Gained mutation: You are very frail. (-20% HP) [a shining
                  | eye]
 85778 | Slime:3  | Paralysed by a formless jellyfish for 1 turns
 86353 | Slime:4  | Gained mutation: You are dopey. (Int -2) [a shining eye]
 86612 | Slime:4  | Lost mutation: You are very frail. (-20% HP) [a shining
                  | eye]
 86625 | Slime:4  | Gained mutation: Your magical capacity is low. (-10% MP) [a
                  | shining eye]
 86886 | Slime:3  | Found a viscous altar of Jiyva.
 87069 | Slime:5  | Entered Level 5 of the Pits of Slime
 87362 | Slime:5  | Gained mutation: You are very frail. (-20% HP) [a shining
                  | eye]
 87365 | Slime:5  | Noticed the Royal Jelly
 87652 | Slime:5  | Found a viscous altar of Jiyva.
 88201 | Slime:5  | Killed the Royal Jelly
 88219 | Slime:5  | Gained mutation: You have an absolutely massive brain. (Int
                  | +6, Wiz) [demonic ancestry]
 88219 | Slime:5  | Reached XP level 26. HP: 109/163 MP: 14/38
 88241 | Slime:5  | Got a slimy rune of Zot
 88242 | Slime:5  | Identified the +1 plate armour of the Devil {Regen+ Str+3}
 88451 | Slime:5  | Identified the ring of Miceiw {Will+ Str+5}
 88456 | Slime:5  | Identified the ring of Omite {Fly rF++ Will- rCorr Int+6}
 88476 | Slime:5  | Acquired the ring of Orivel {rN+ Dex+7 Slay+4}
 88634 | Slime:5  | Identified the +4 hand axe of Ollocleb {speed, rC+}
 88792 | Slime:5  | Found the +1 cloak of Starlight {*Dazzle EV+4 Stlth--}
 89034 | Slime:5  | Lost mutation: Your magical capacity is low. (-10% MP)
                  | [potion of mutation]
 89034 | Slime:5  | Lost mutation: You are very frail. (-20% HP) [potion of
                  | mutation]
 89034 | Slime:5  | Lost mutation: You are vulnerable to heat. (rF-) [potion of
                  | mutation]
 89034 | Slime:5  | Gained mutation: Armour fits poorly on your strangely
                  | shaped body. [potion of mutation]
 89034 | Slime:5  | Gained mutation: You expend magic power (3 MP) to
                  | strengthen your wands. [potion of mutation]
 89442 | Zot:2    | Noticed an orb of fire
 89559 | Zot:2    | Noticed an orb of fire
 89560 | Zot:2    | Gained mutation: You occasionally lose the ability to drink
                  | potions when taking damage. [an orb of fire]
 89562 | Zot:2    | Gained mutation: You sometimes lose the ability to drink
                  | potions when taking damage. [an orb of fire]
 89570 | Zot:2    | Noticed an orb of fire
 89571 | Zot:2    | Killed an orb of fire
 89575 | Zot:2    | Noticed an orb of fire
 89585 | Zot:1    | Killed an orb of fire
 90013 | Zot:2    | Lost mutation: Your muscles are strong. (Str +4, Int/Dex
                  | -1) [an orb of fire]
 90024 | Zot:1    | Gained mutation: Your health recovers twice as slowly from
                  | being drained. [an orb of fire]
 90032 | Zot:1    | Gained mutation: You are weak. (Str -2) [an orb of fire]
 90034 | Zot:1    | Gained mutation: You occasionally lose the ability to read
                  | scrolls when taking damage. [an orb of fire]
 90035 | Zot:1    | Gained mutation: You are very weak. (Str -4) [an orb of
                  | fire]
 90038 | Zot:1    | Killed an orb of fire
 90393 | Zot:2    | Killed an orb of fire
 90511 | Zot:2    | Gained mutation: Your body sometimes deteriorates upon
                  | taking damage. [an orb of fire]
 90518 | Zot:2    | Gained mutation: You have hidden genetic defects. [an orb
                  | of fire]
 90527 | Zot:2    | Killed an orb of fire
 91388 | Zot:2    | Upgraded the game from 0.32-a0-918-g0f22ef8d61 to
                  | 0.32-a0-986-ga09f62fbf4
 91410 | Zot:3    | Noticed an orb of fire
 91412 | Zot:3    | Gained mutation: You are vulnerable to heat. (rF-) [an orb
                  | of fire]
 91413 | Zot:3    | Lost mutation: You sometimes lose the ability to drink
                  | potions when taking damage. [an orb of fire]
 91421 | Zot:3    | Gained mutation: You are occasionally teleported next to
                  | monsters. [an orb of fire]
 91864 | Zot:3    | Gained mutation: Potions are less effective at restoring
                  | your health. [an orb of fire]
 91870 | Zot:3    | Gained mutation: You sometimes lose the ability to read
                  | scrolls when taking damage. [an orb of fire]
 91875 | Zot:3    | Killed an orb of fire
 91879 | Zot:3    | HP: 5/185 [white draconian stormcaller/divine providence
                  | (14)]
 91882 | Zot:3    | HP: 1/185 [white draconian stormcaller/divine providence
                  | (4)]
 92407 | Zot:3    | Gained mutation: You are very vulnerable to heat. (rF--)
                  | [hidden defects]
 92838 | Zot:3    | HP: 4/185 [red draconian scorcher/damnation[a purple
                  | draconian shifter] (7)]
 92907 | Zot:3    | HP: 5/185 [purple draconian shifter/bolt of dispelling
                  | energy (18)]
 92912 | Zot:3    | Killed from afar by a red draconian scorcher

Illustrated notes

Levels and vault maps discovered:
D:1:      minmay_arrival_loop, layout_basic
D:2:      layout_basic, hellmonk_ecumenical_altar_leap_of_faith
D:3:      cheibrodos_thug_alley, layout_basic,
          grunt_temple_overflow_order_and_chaos_1, uniq_jessica
D:4:      layout_basic, kennysheep_little_box, vehumet_statue,
          minmay_goblin_kobold_house
D:5:      layout_loops_cross, minmay_temple_entry_antechambers,
          portal_sewer_entry_e, serial_bayou_pond_d, uniq_menkaure,
          uniq_blork_the_orc, uniq_duvessa
D:6:      layout_basic
D:7:      layout_cave_pods, mainiacjoe_overflow_six_doors_small,
          yredelemnul_forgotten_temple_becter, elyvilon_altar_5
D:8:      layout_loops_ring, david_lair_generic
D:9:      layout_gridville, minmay_misc_feat_room, serial_bayou_pond_b,
          kennysheep_decorative_pillar, uniq_jeremiah, uniq_maggie
D:10:     layout_roguey, mainiacjoe_overflow_tiny_flanked, enter_bailey_5
D:11:     layout_loops_ring, kennysheep_just_a_vault, uniq_psyche
D:12:     layout_roguey, hiddenorc1_lemuel, nicolae_shop_dragon_depot,
          fungi_pond_lemuel, kennysheep_path_1, serial_park_tiny_2,
          uniq_maurice, uniq_rupert
D:13:     layout_cave_pods, skrybe_vaults_entry_preservation, serial_shops,
          shop, portal_ice_cave_demonic_guard, serial_park,
          serial_park_fountain, serial_park_tiny_2, serial_park_square3
          [serial_park_minivault_5x5_7], corexii_checkpoint, minivault_22
D:14:     layout_basic, drop_trap, nicolae_letterblocks
          [nicolae_letter_subblock, nicolae_letter_subblock,
          nicolae_letter_subblock, nicolae_letter_subblock,
          nicolae_letter_subblock, nicolae_letter_subblock,
          nicolae_letter_subblock, nicolae_letter_subblock,
          nicolae_letter_subblock, nicolae_letter_subblock,
          nicolae_letter_subblock, nicolae_letter_subblock,
          nicolae_letter_subblock, nicolae_letter_subblock,
          nicolae_letter_subblock, nicolae_letter_subblock,
          nicolae_letter_subblock, nicolae_letter_subblock,
          nicolae_letter_subblock, nicolae_letter_subblock,
          nicolae_letter_subblock, nicolae_letter_subblock,
          nicolae_letter_subblock, nicolae_letter_subblock,
          nicolae_letter_subblock], uniq_lodul, uniq_josephine
D:15:     grunt_enter_depths_snipers, layout_grid_maze,
          nicolae_dithmenos_through_a_glass_darkly,
          nicolae_trove_entry_crossroad
Temple:   nicolae_temple_bog_church
Lair:1:   layout_cave_shapes, gammafunk_ghost_arena
Lair:2:   layout_cave_pods, minmay_swamp_entry_eels
Lair:3:   wander_river, layout_big_grid, guppyfry_snake_entry_island,
          hangedman_lair_unloving_vines, minivault_19
Lair:4:   layout_concentric_octagons, nicolae_slime_entry_slimehenge,
          grunt_megastairs_2
Lair:5:   minmay_lair_end_frog_pond, layout_cave_pods,
          chequers_serial_rivers_small_b, minmay_lair_drake_nest
Swamp:1:  layout_basic_swamp, serial_swamp_ruin, evilmike_swamp_ruin_house_4,
          evilmike_swamp_ruin_house_6, hangedman_swamp_ruin_wall, swamp_pool_4
Swamp:2:  layout_basic_swamp, evilmike_swamp_ruin_rubble_1,
          infiniplex_staircase_pool, nicolae_swamp_decorative_isthmus
Swamp:3:  layout_basic_swamp, evilmike_swamp_ruin_rubble_2
Swamp:4:  swamp_alternative, layout_basic_swamp, uniq_donald
Snake:1:  layout_layer_cave, nicolae_snake_round_shape_thing,
          nicolae_shop_clearance, grunt_megastairs_3, serial_bayou_shore_b,
          uniq_louise
Snake:2:  cheibrodos_snake_lava_hold, layout_onion_interference, uniq_roxanne
Snake:3:  layout_basic
Snake:4:  snake_pit, layout_cave_town, basic_altar, serial_shops, shop,
          st_stairs_10, nicolae_snake_scaly_snakehead, grunt_megastairs_4,
          uniq_vashnia
Slime:1:  layout_caves
Slime:2:  layout_caves
Slime:3:  layout_caves, basic_altar, cheibrodos_slime_lost_civilization_7
Slime:4:  layout_caves
Slime:5:  slime_pit_nicolae_inversion
Orc:1:    layout_caves, nicolae_orc_pool_cavern
Orc:2:    st_orc_mages, layout_diamond_mine, sword_in_stone
Elf:1:    eino_elf_arrival_the_gate, layout_geoelf_grid, serial_shops, shop,
          hangedman_elven_crosses_minicolossus
Elf:2:    elven_hall_of_blades_hangedman_original
          [nicolae_blade_entry_splitting_headache], layout_rooms, uniq_agnes
Elf:3:    minmay_elf_hall_spiked, layout_rooms, basic_altar, minmay_shoptagon,
          uniq_asterion, uniq_bai_suzhen
Vaults:1: v_misc_31, v_pattern_5, nicolae_vaults_heist,
          nicolae_vaults_variable_pillar_hall, nicolae_vaults_mini_display_case,
          vaults_dpeg_emergency_exit, hangedman_vaults_hat,
          ontoclasm_vaults_idyll, layout_vaults_maze_snakey, serial_shops, shop
Vaults:2: nicolae_vaults_little_squares_4, nicolae_vaults_storage_closets_2,
          ontoclasm_vaults_chip, v_rooms_6,
          nicolae_vaults_taking_the_gang_shopping,
          nicolae_vaults_sealed_display, dpeg_vaults_monster_row,
          ontoclasm_vaults_hangar, nicolae_vaults_diamond_1,
          nicolae_vaults_cochlea, nicolae_vaults_little_squares_6,
          layout_vaults_omnibox, serial_shops, nicolae_shop_tiny_waterfront
Vaults:3: gammafunk_ghost_spectres, nicolae_vaults_angled_halls,
          nicolae_vaults_doubleplus_tesselated, hangedman_vaults_cutoff,
          nicolae_vaults_circle_grid_a, minmay_crypt_entry_necro_gods,
          nicolae_vaults_big_ls, hangedman_vaults_stretched_pinwheel,
          vaults_room_fours, nicolae_vaults_trapezoid_lopsided_3,
          hangedman_vaults_capsules, nicolae_vaults_tetromino_Z_1, v_misc_27,
          layout_vaults_omnicross
Vaults:4: v_alt_pattern_3, hangedman_vaults_impose, ontoclasm_vaults_fault,
          nicolae_vaults_puzzle_piece, nicolae_vaults_puzzle_piece,
          grunt_vaults_bifocal, ontoclasm_vaults_ligature, vaults_dpeg_diagonal,
          vaults_room_door_ring, hangedman_vaults_snaps,
          nicolae_vaults_shelves_hall, nicolae_vaults_variable_pillar_hall,
          ontoclasm_vaults_loading_screen, vaults_room_door_ring,
          layout_vaults_ring, serial_shops, shop
Vaults:5: uniq_jory
Crypt:1:  layout_misc_corridors, hellmonk_ghost_big_iron,
          nrook_guardian_serpent_ordinary, grunt_crypt_arrival_webbed,
          roderic_lattice_octagonal_star
Crypt:2:  layout_catacombs, nzn_ghost_randoct, minmay_strange_pillars
Crypt:3:  david_glass_crypt, layout_misc_corridors, tomb_entry_forgotten_bobbens
Depths:1: layout_roguey, hell_entry, hangedman_abyss_entry_splay,
          nicolae_benzene_ring, hangedman_cracks_in_the_wall
Depths:2: minmay_four_inscribed_fans, layout_honeycomb, enter_ziggurat_d,
          bloody_trog, serial_shops, nicolae_shop_waterfront,
          rand_demon_pan_entry_8, pf_hell_entry_great_geh,
          nicolae_shop_fire_sale [nicolae_sub_dead_trees], uniq_vv, uniq_mara
Depths:3: minmay_rotating_shell, layout_honeycomb,
          nicolae_qazlal_eye_of_the_storm, hell_entry, abyss_entry_crystal,
          tgw_lugonu_bribe, infiniplex_staircase_river
Depths:4: grunt_twist_and_shout, layout_gridville, grunt_hell_entry_dis_grunt,
          kennysheep_doodads, uniq_margery, uniq_frederick
Zot:1:    gammafunk_its_a_trap, layout_gridlike, uniq_parghit
Zot:2:    layout_basic, lemuel_lake_of_fire
Zot:3:    kennysheep_blocky_room, layout_cathedral_of_symmetry,
          hangedman_zot_diagonal_lockstep, grunt_ministairs_9

Skill      XL: |  1  2  3  4  5  6  7  8  9 10 11 12 13 14 15 16 17 18 19 20 21 22 23 24 25 26 |
---------------+-------------------------------------------------------------------------------+-----
Fighting       | 1 2 3 4 5 6 7 8 9 10 11 12 14 15 16 | 16.4
Armour         | 1 2 3 4 5 6 7 8 9 10 11 12 13 14 | 14.9
Conjurations   | 5 6 7 8 9 10 11 12 13 14 15 16 | 16.3
Dodging        | 2 3 4 5 6 7 8 9 10 11 12 13 | 13.6
Stealth        | 2 3 4 5 6 |  6.0
Spellcasting   | 3 4 5 6 7 8 9 10 11 12 13 14 15 | 15.7
Short Blades   | 1 2 3 |  3.3
Fire Magic     | 1 2 3 4 5 6 7 8 9 10 11 12 13 | 13.1
Shapeshifting  | 1 2 3 4 5 6 7 |  7.6
Translocations | 1 2 3 4 5 6 7 8 9 10 11 12 | 12.6
Invocations    | 2 3 4 5 6 7 8 9 10 11 12 13 | 13.0
Air Magic      | 1 2 3 4 5 6 7 8 9 10 11 12 | 12.8
Long Blades    | 2 4 5 6 7 9 10 11 12 13 14 15 | 15.5
Shields        | 1 2 3 4 5 6 7 8 9 10 11 12 | 12.9
Throwing       | 1 |  1.6
Evocations     | 2 4 5 6 7 8 9 10 11 12 13 | 13.8

Action                     |  1- 3 |  4- 6 |  7- 9 | 10-12 | 13-15 | 16-18 | 19-21 | 22-24 | 25-27 || total
---------------------------+-------+-------+-------+-------+-------+-------+-------+-------+-------++-------
  Melee: Unarmed           |    15 |       |       |       |       |       |       |       |       ||    15
         Dagger            |     3 |    31 |    61 |    18 |       |       |       |       |       ||   113
         Tailslap          |       |     1 |    13 |    43 |   127 |   165 |   271 |   362 |   211 ||  1193
         Long sword        |       |       |     4 |   246 |   559 |   650 |   915 |   940 |   532 ||  3846
         Scimitar          |       |       |       |       |    15 |    35 |       |       |       ||    50
         Demon blade       |       |       |       |       |       |       |    13 |    83 |   153 ||   249
         Great sword       |       |       |       |       |       |       |       |   218 |       ||   218
  Throw: Dart              |       |     4 |     7 |     8 |     8 |    12 |    10 |     4 |       ||    53
         Javelin           |       |       |       |       |       |    14 |       |     3 |     5 ||    22
   Cast: Magic Dart        |    69 |    64 |    46 |    47 |    64 |    85 |    20 |    18 |    17 ||   430
         Searing Ray       |     1 |     8 |    27 |    12 |     8 |    43 |    10 |    12 |     4 ||   125
         Foxfire           |       |    72 |   146 |   146 |   116 |    63 |       |       |    31 ||   574
         Iskenderun's Myst |       |       |    15 |    52 |   133 |   239 |   288 |   311 |   140 ||  1178
         Arcjolt           |       |       |       |       |       |       |     3 |    31 |    91 ||   125
         Plasma Beam       |       |       |       |       |       |       |       |       |    69 ||    69
 Invoke: Slouch            |       |       |       |       |    13 |    18 |    18 |    17 |    15 ||    81
         Bend Time         |       |       |       |       |       |       |     1 |       |       ||     1
         Step From Time    |       |       |       |       |       |       |       |       |     1 ||     1
  Evoke: Wand              |       |     1 |     6 |     8 |     8 |     7 |     6 |     3 |     2 ||    41
         Lightning rod     |       |       |       |     3 |     8 |    17 |    16 |    11 |     5 ||    60
         Box of beasts     |       |       |       |     1 |     2 |     5 |     4 |     4 |     3 ||    19
         Phantom mirror    |       |       |       |     1 |     2 |     3 |     2 |     4 |     2 ||    14
         Tin of tremorston |       |       |       |       |       |       |     3 |     4 |     4 ||    11
         Phial of floods   |       |       |       |       |       |       |     2 |     4 |     2 ||     8
    Use: Scroll            |       |     9 |     6 |     8 |     9 |     7 |    11 |    20 |     9 ||    79
         Potion            |       |     3 |     5 |     2 |     4 |    11 |     5 |     5 |    17 ||    52
   Stab: Sleeping          |     1 |       |     1 |     7 |       |       |       |       |       ||     9
         Distracted        |       |       |       |     8 |    22 |    25 |    28 |    35 |    28 ||   146
 Armour: Robe              |    15 |    38 |       |       |       |       |       |       |       ||    53
         Skin              |       |     4 |       |     7 |       |     8 |       |       |       ||    19
         Leather armour    |       |       |    76 |     5 |       |       |       |       |       ||    81
         Steam dragon scal |       |       |       |   119 |       |       |       |       |       ||   119
         Plate armour      |       |       |       |    75 |   438 |       |       |       |       ||   513
         Chain mail        |       |       |       |       |    26 |       |       |       |       ||    26
         Gold dragon scale |       |       |       |       |   111 |  1007 |   795 |  1299 |   699 ||  3911
  Dodge: Dodged            |    14 |    28 |    76 |   225 |   279 |   334 |   417 |   762 |   369 ||  2504
  Block: Buckler           |       |       |       |    96 |   257 |   259 |       |       |       ||   612
         Reflection        |       |       |       |       |    24 |    73 |    77 |    39 |    17 ||   230
         Kite shield       |       |       |       |       |       |   159 |   697 |   842 |   583 ||  2281

Table legend: (Time is in decaauts)
 A = Elapsed time spent in this place.
 B = Non-inter-level travel time spent in this place.
 C = Inter-level travel time spent in this place.
 D = Time resting spent in this place.
 E = Time spent auto-exploring this place.
 F = Levels seen in this place.
 G = Mean time per level.
                   A        B        C        D        E       F      G
               +--------+--------+--------+--------+--------+-----+--------+
         Total | 126332 | 114831 |  11501 |  26290 |  70684 |  66 | 1914.1 |
       Dungeon |  26671 |  22869 |   3802 |   2973 |  16620 |  15 | 1778.1 |
        Temple |     64 |     37 |     27 |      0 |     27 |   1 |   64.0 |
          Lair |  11712 |  10446 |   1266 |   1065 |   8242 |   5 | 2342.4 |
         Swamp |   7698 |   7124 |    574 |   2612 |   3497 |   4 | 1924.5 |
     Snake Pit |  13473 |  12761 |    712 |   4358 |   6408 |   4 | 3368.2 |
    Slime Pits |   6588 |   6373 |    215 |   2993 |   2411 |   5 | 1317.6 |
  Orcish Mines |   3644 |   2906 |    738 |     39 |   2415 |   2 | 1822.0 |
   Elven Halls |   6319 |   5871 |    448 |   1224 |   3647 |   3 | 2106.3 |
        Vaults |  15330 |  14036 |   1294 |   2838 |   9256 |   5 | 3066.0 |
         Crypt |   7547 |   6844 |    703 |   1220 |   4518 |   3 | 2515.7 |
        Depths |  13986 |  12579 |   1407 |   3881 |   6730 |   4 | 3496.5 |
           Zot |   7225 |   6915 |    310 |   2658 |   3473 |   3 | 2408.3 |
         Abyss |   4004 |   4004 |      0 |    306 |   2172 |   9 |  444.9 |
         Sewer |    455 |    455 |      0 |      0 |    326 |   1 |  455.0 |
        Bailey |    694 |    694 |      0 |     53 |    359 |   1 |  694.0 |
      Ice Cave |    915 |    915 |      0 |     66 |    580 |   1 |  915.0 |
               +--------+--------+--------+--------+--------+-----+--------+

Top non-repeatable levels by time:
Depths:3: 6246 daAuts
 Snake:4: 5221 daAuts
Vaults:4: 4350 daAuts
   Zot:1: 3793 daAuts
Vaults:3: 3612 daAuts
Depths:2: 3316 daAuts
    D:13: 3263 daAuts
 Crypt:3: 3115 daAuts
    D:12: 3055 daAuts
 Snake:1: 2962 daAuts
Vaults:5: 2953 daAuts
  Lair:5: 2898 daAuts
 Swamp:2: 2772 daAuts
 Snake:2: 2768 daAuts
     D:8: 2716 daAuts
